 Dungeon Crawl Stone Soup version 0.17-a0-1882-g750edc8 (webtiles) character file.

225 Oddball22 the Gusty (level 5, -3/38 HPs)
             Began as a Demonspawn Air Elementalist on Sept 22, 2015.
             Was an Initiate of Makhleb.
             Killed from afar by an orc wizard (12 damage)
             ... with a puff of flame
             ... on level 4 of the Dungeon.
             The game lasted 00:12:08 (4818 turns).

Oddball22 the Gusty (Demonspawn Air Elementalist)   Turns: 4818, Time: 00:12:08

Health: -3/38      AC:  4    Str:  8      XL:     5   Next: 68%
Magic:  0/8        EV: 14    Int: 17      God:    Makhleb [......]
Gold:   156        SH:  0    Dex:  9 (14) Spells: 4 memorised, 0 levels left

rFire  . . .     SeeInvis .     m - +0 spear
rCold  . . .     Clarity  .     a - +0 robe
rNeg   . . .     SustAt   .     (no shield)
rPois  .         Gourm    .     h - +2 hat
rElec  .         Spirit   +     (no cloak)
rCorr  .         Warding  .     (no gloves)
rMut   .         Stasis   .     (no boots)
MR     .....                    (no amulet)
Stlth  ++........               (no ring)
                                (no ring)

@: not resistant to hostile enchantments, unstealthy
A: repulsion field 1, magic shield
a: Renounce Religion


You were on level 4 of the Dungeon.
You worshipped Makhleb.
Makhleb was noncommittal.
You were not hungry.

You visited 2 branches of the dungeon, and saw 5 of its levels.

You collected 156 gold pieces.

Inventory:

Hand weapons
 m - a +0 spear (weapon)
Armour
 a - a +0 robe (worn)
 h - a +2 hat (worn)
 r - a +0 shield
Jewellery
 d - an uncursed ring of teleportation
Scrolls
 g - 6 scrolls of identify
 i - a scroll of remove curse
 j - a scroll of noise {unknown}
 k - a scroll of recharging {unknown}
 l - 2 scrolls of random uselessness
 o - a scroll of amnesia {unknown}
Potions
 e - a potion of poison {unknown}
 p - a potion of brilliance {unknown}
 q - a potion of lignification {unknown}
Books
 b - a book of Air

   Spells                             Type                      Level
   a - Shock                          Conjuration/Air              1
   b - Swiftness                      Charms/Air                   2
   c - Repel Missiles                 Charms/Air                   2
   d - Static Discharge               Conjuration/Air              3
   e - Lightning Bolt                 Conjuration/Air              5
Comestibles
 c - a bread ration
 f - a beef jerky
 n - a meat ration


   Skills:
 + Level 2.0 Fighting
 + Level 3.0 Dodging
 - Level 1.7 Stealth
 - Level 2.0 Spellcasting
 - Level 1.0 Conjurations
 * Level 4.8 Air Magic


You couldn't memorise any spells.
You knew the following spells:

 Your Spells              Type           Power        Failure   Level  Hunger
a - Shock                 Conj/Air       ##..         10%         1    #......
b - Swiftness             Chrm/Air       #.......     14%         2    ###....
c - Repel Missiles        Chrm/Air       #.....       14%         2    ###....
d - Static Discharge      Conj/Air       ##......     21%         3    ###....


Dungeon Overview and Level Annotations

Branches:
Dungeon (4/15)             Temple (1/1) D:4

Altars:
Ashenzari
Dithmenos
Elyvilon
Fedhas
Gozag
Kikubaaqudgha
Makhleb
Qazlal
Ru
Trog
Vehumet
Xom
Yredelemnul
The Shining One

Shops:
D:4 ?


Innate Abilities, Weirdness & Mutations

You are surrounded by a mild repulsion field (EV +2).
When hurt, damage is shared between your health and your magic reserves.


Message History

The orc hits you with a club. The orc wizard casts a spell at you.
The puff of frost hits you! Something hits you.
You closely miss something.
The orc wizard gestures at you while chanting.
The puff of flame hits you!
You hear some strange, mumbled words.
A puff of flame appears from out of thin air!
The puff of flame hits you! The orc hits you but does no damage.
The orc wizard closely misses you. Something hits you but does no damage.
The orc wizard hits you but does no damage.
The orc wizard casts a spell at you. The puff of frost hits you!
* * * LOW HITPOINT WARNING * * *
The orc wizard points at you and mumbles some strange words.
The puff of frost hits something.
You hear some strange, mumbled words.
A puff of flame appears from out of thin air!
The puff of flame hits you!
You die...

..# #.##!#####. #.#........
#.#.o###### #.#or# #.#o.#
####### #.#..# #......
#.#..########.####.
#.##.@...........## #.
#.#...............# ##
.........###.##...####
##.#.#....# #.##.......
#.#.#....###.).......# # #.
#........#............ #.
#.##.###......#........<#
#.##.##.###......#.##...####
.........##.#....#.##...# #


You could see an orc wizard, 2 orcs and a quokka.

Vanquished Creatures
  A quasit (D:4)
  3 gnolls
  6 adders
  2 oozes
  4 worms
  6 giant geckos
  8 bats
  7 giant cockroaches
  7 goblins
  4 hobgoblins
  12 jackals
  A quokka (D:3)
  5 giant newts
  6 kobolds
  8 rats
80 creatures vanquished.

Notes
Turn   | Place    | Note
--------------------------------------------------------------
     0 | D:1      | Oddball22 the Demonspawn Air Elementalist began the quest for the Orb.
     0 | D:1      | Reached XP level 1. HP: 13/13 MP: 3/3
   213 | D:1      | Reached skill level 3 in Air Magic
   304 | D:1      | Gained mutation: When hurt, damage is shared between your health and your magic reserves. [demonic ancestry]
   304 | D:1      | Reached XP level 2. HP: 19/19 MP: 1/5
   811 | D:1      | Learned a level 2 spell: Swiftness
  1293 | D:1      | HP: 1/20 [gnoll/whip (1)]
  1296 | D:1      | Reached XP level 3. HP: 1/25 MP: 0/6
  1644 | D:2      | Reached skill level 1 in Fighting
  2323 | D:2      | Reached XP level 4. HP: 32/32 MP: 1/7
  2402 | D:2      | Learned a level 2 spell: Repel Missiles
  2615 | D:2      | Reached skill level 4 in Air Magic
  2630 | D:2      | Found a radiant altar of Vehumet.
  3528 | D:3      | Gained mutation: You are surrounded by a mild repulsion field (EV +2). [demonic ancestry]
  3528 | D:3      | Reached XP level 5. HP: 20/37 MP: 1/8
  3976 | D:3      | Found an ancient bone altar of Kikubaaqudgha.
  4477 | D:4      | Found a staircase to the Ecumenical Temple.
  4554 | Temple   | Entered the Ecumenical Temple
  4613 | Temple   | Learned a level 3 spell: Static Discharge
  4633 | Temple   | Became a worshipper of Makhleb the Destroyer
  4753 | D:4      | Found Vyhoufya's Magic Scroll Boutique.
  4818 | D:4      | Killed from afar by an orc wizard

Vault maps used:
D:1:      dpeg_arrival_more_subterranean_lakeside_camping, minivault_23
D:2:      overflow_temple_1_default, first_bread, grunt_ministairs_7
D:3:      nicolae_overflow_hidden_temple
D:4:      minmay_temple_entry_purple_smoke, serial_shops, kennysheep_mini_moat,
          st_stairs_8
Temple:   temple_eino_lava_12

Action                   |  1- 3 |  4- 6 || total
-------------------------+-------+-------++-------
Melee: Club              |    21 |       ||    21
       Spear             |   100 |   211 ||   311
 Cast: Shock             |    42 |    46 ||    88
  Use: Potion            |     4 |       ||     4
       Scroll            |       |     3 ||     3
 Stab: Sleeping          |     2 |     6 ||     8
       Distracted        |       |     1 ||     1
  Eat: Chunk             |     3 |     7 ||    10
       Bread ration      |     1 |       ||     1
